 Dungeon Crawl Stone Soup version 0.21-a0 (webtiles) character file.

97 Kriby the Magician (level 4, -1/27 HPs)
             Began as an Octopode Wizard on May 20, 2017.
             Slain by Grinder (7 damage)
             ... on level 2 of the Dungeon.
             The game lasted 00:03:38 (3529 turns).

Kriby the Magician (Octopode Wizard)                Turns: 3529, Time: 00:03:38

Health: -1/27      AC:  1    Str:  6    XL:     4   Next: 68%
Magic:  1/9        EV: 13    Int: 21    God:
Gold:   68         SH:  0    Dex: 10    Spells: 2/10 levels left

rFire    . . .     SeeInvis .   e - +0 dagger
rCold    . . .     Gourm    .   (no shield)
rNeg     . . .     Faith    .   a - +0 hat
rPois    .         Spirit   .   (no amulet)
rElec    .         Reflect  .   (no ring)
rCorr    .         Harm     .   (no ring)
MR       .....                  (no ring)
Stlth    +++.......             (no ring)
Regen    0.1/turn               (no ring)
MPRegen  0.2/turn               (no ring)
                                (no ring)
                                (no ring)

@: no status effects
A: almost no armour, stealthy swim, amphibious, 8 rings, constrict 8, camouflage
1, gelatinous body 1
a: no special abilities


You were on level 2 of the Dungeon.
You were not hungry.

You visited 1 branch of the dungeon, and saw 3 of its levels.

You collected 68 gold pieces.

Inventory:

Hand Weapons
 e - a +0 dagger (weapon)
Armour
 a - a +0 hat (worn)
 j - a +0 buckler
Jewellery
 d - a +2 ring of strength {unknown}
Scrolls
 g - 2 scrolls of recharging {unknown}
 k - a scroll of teleportation {unknown}
 l - a scroll of enchant armour {unknown}
 m - a scroll of random uselessness {unknown}
Potions
 f - a potion of resistance {unknown}
 h - a potion of mutation {unknown}
 n - a potion of flight {unknown}
 p - a potion of berserk rage {unknown}
 q - a potion of degeneration {unknown}
Books
 b - a book of Minor Magic

   Spells                             Type                      Level
   a - Magic Dart                     Conjuration                  1
   b - Blink                          Translocation                2
   c - Call Imp                       Summoning                    2
   d - Slow                           Hexes                        2
   e - Conjure Flame                  Conjuration/Fire             3
   f - Mephitic Cloud                 Conjuration/Poison/Air       3
Comestibles
 c - 2 bread rations
 o - a meat ration
 r - a chunk of flesh


   Skills:
 - Level 2.0 Dodging
 - Level 2.6 Stealth
 * Level 1.4 Shields
 + Level 3.9 Spellcasting
 + Level 2.8 Conjurations
 - Level 1.0 Summonings
 - Level 1.0 Translocations


You had 2 spell levels left.
You knew the following spells:

 Your Spells              Type           Power        Failure   Level  Hunger
a - Magic Dart            Conj           ###.         3%          1    None
c - Call Imp              Summ           #.......     12%         2    #......
g - Mephitic Cloud        Conj/Pois/Air  #.......     24%         3    ###....
T - Blink                 Tloc           N/A          12%         2    #......


Dungeon Overview and Level Annotations

Branches:
Dungeon (3/15)

Altars:

Annotations:
D:2 Grinder
D:3 Toogi's ghost, amateur DEWz


Innate Abilities, Weirdness & Mutations

You cannot wear most types of armour.
You are very stealthy in the water. (Stealth+)
You are amphibious.
You can wear up to eight rings at the same time.
You can use your tentacles to constrict eight enemies at once.
Your skin changes colour to match your surroundings (Stealth+).
Your rubbery body absorbs attacks. (AC +1, EV +1)


Message History

Aim: Grinder (lightly wounded) Attack!
Your crimson imp disappears in a puff of smoke!
Grinder hits you!
You writhe in agony.
* * * LOW HITPOINT WARNING * * *
Your shadow imp barely misses Grinder.
Your shadow imp barely misses Grinder.
Your magical contamination has completely faded away.
There is a stone staircase leading down here.
Your shadow imp hits Grinder but does no damage.
Your crimson imp cannot move out of your way!
Casting: Call Imp
Confirm with . or Enter, or press ? or * to list all spells.
You don't have enough magic to cast that spell.
You feel better. Grinder hits you.
* * * LOW HITPOINT WARNING * * *
You writhe in agony.
* * * LOW HITPOINT WARNING * * *
Your shadow imp hits Grinder.
Grinder hits you!
You die...

...#.......####### #.# #######
..#######...))...# #.# ..#
#..#####.# #.# #.# #..#####.#
##.#### #'## #.....##.# #.....#
...## #.###.##.# #.....# # ....##
#)###.##.# #.....# ## .....##
#.#.#.##># #<....## ##.
......###.[.....@####......####..
......'.......55.5............'..
......####....#######......####..
.....## ###.#.######......## ##.
....## #........##.......## ##
...## #.###.##.#.........# # #'##
#.....##.##.......## #.#
#..#####.###.....## #.# #..# #.#
##...##


You could see Grinder, a friendly crimson imp (paralysed) and a friendly shadow
imp.

Vanquished Creatures
  Robin (D:2)
  3 adders
  3 worms
  A dart slug (D:1)
  A leopard gecko (D:1)
  A giant cockroach (D:1)
  10 goblins
  8 hobgoblins
  2 jackals (D:1)
  8 kobolds
  A quokka (D:2)
  A bat (D:3)
  2 frilled lizards
  4 rats
46 creatures vanquished.

Notes
Turn   | Place    | Note
-------+----------+-------------------------------------------
     0 | D:1      | Kriby the Octopode Wizard began the quest for the Orb.
     0 | D:1      | Reached XP level 1. HP: 11/11 MP: 4/4
   460 | D:1      | Reached XP level 2. HP: 17/17 MP: 0/6
   916 | D:1      | Reached XP level 3. HP: 13/21 MP: 4/8
  1889 | D:2      | Learned a level 3 spell: Mephitic Cloud
  1893 | D:2      | Noticed Robin
  2117 | D:2      | Killed Robin
  2117 | D:2      | Reached XP level 4. HP: 7/27 MP: 3/9
  2828 | D:2      | Reached skill level 1 in Shields
  3177 | D:3      | Noticed Toogi's ghost (amateur DEWz)
  3216 | D:2      | Learned a level 2 spell: Blink
  3219 | D:2      | Learned a level 2 spell: Call Imp
  3220 | D:3      | Noticed Grinder
  3509 | D:2      | Paralysed by Grinder for 6 turns
  3529 | D:2      | Slain by Grinder

Vault maps used:
D:1:      dpeg_arrival_water_fire
D:2:      minmay_pentomino_q2, uniq_robin
D:3:      first_bread, uniq_grinder

Skill      XL: |  1  2  3  4 |
---------------+-------------+-----
Conjurations   | 2 |  2.8
Shields        | 1 |  1.4
Dodging        | |  2.0
Stealth        | |  2.6
Spellcasting   | |  3.9
Summonings     | |  1.0
Translocations | |  1.0

Action                   |  1- 3 |  4- 6 || total
-------------------------+-------+-------++-------
Melee: Unarmed           |     5 |       ||     5
       Constrict         |    16 |     1 ||    17
       Dagger            |    57 |     2 ||    59
       Tentacles         |    11 |     1 ||    12
 Cast: Magic Dart        |    64 |    30 ||    94
       Mephitic Cloud    |     2 |       ||     2
       Call Imp          |       |     5 ||     5
       Blink             |       |     2 ||     2
  Use: Potion            |       |     2 ||     2
  Eat: Chunk             |     1 |     3 ||     4
       Bread ration      |     1 |       ||     1
Armor: Skin              |     3 |       ||     3
Dodge: Dodged            |    36 |     5 ||    41
